Map: Frozen Temple

Players

DontPanic

  • Race: Protoss Protoss
  • League: Gold

Nickos - Winner!

  • Race: Terran Terran
  • League: Gold

VOD

Have the link to the VOD?

Description

Time

  • Played on: Sept. 22, 2016, 12:28 a.m.
  • Length: 11:57
Show
View Real Time Build Order
Export as new Build Order

DontPanic Protoss 

Build Orders: Colossus Rush 

Get SALT Encoding   

  12  0:04  Probe (Chrono Boost)  
  13  0:15  Probe (Chrono Boost)  
  14  0:22  Pylon  
  14  0:25  Probe (Chrono Boost)  
  15  0:40  Probe (Chrono Boost)  
  16  0:48  Gateway  
  16  0:51  Probe (Chrono Boost)  
  16  0:53  Assimilator  
  17  1:02  Probe (Chrono Boost), Pylon  
  18  1:12  Probe (Chrono Boost)  
  19  1:21  Gateway  
  19  1:23  Probe (Chrono Boost)  
  20  1:33  Probe (Chrono Boost)  
  20  1:34  Assimilator  
  21  1:43  Cybernetics Core  
  21  1:44  Probe (Chrono Boost)  
  22  1:59  Probe (Chrono Boost)  
  23  2:10  Probe (Chrono Boost)  
  24  2:20  Probe (Chrono Boost)  
  24  2:26  Robotics Facility  
  24  2:31  Probe (Chrono Boost)  
  24  2:32  Stalker  
  24  2:33  Stalker  
  29  2:39  Pylon  
  29  2:41  Probe (Chrono Boost)  
  30  3:17  Immortal  
  34  3:24  Nexus  
  34  3:31  Robotics Bay  
  34  3:39  Pylon  
  35  3:41  Probe (Chrono Boost)  
  35  3:52  Probe (Chrono Boost)  
  36  3:56  Observer  
  36  4:02  Probe (Chrono Boost)  
  38  4:10  Stalker x2  
  42  4:20  Assimilator  
  42  4:22  Assimilator  
  42  4:35  Colossus  
  48  4:39  Probe x2 (Chrono Boost)  
  50  4:50  Probe x2 (Chrono Boost)  
  52  5:00  Probe x2 (Chrono Boost)  
  54  5:11  Probe x2 (Chrono Boost)  
  56  5:35  Colossus  
  51  5:57  Extended Thermal Lance  
  62  6:10  Pylon  
  62  6:18  Nexus  
  62  6:20  Pylon  
  62  6:22  Pylon  
  62  6:23  Probe (Chrono Boost)  
  62  6:28  Probe (Chrono Boost), Adept x2  
  67  6:35  Colossus  
  73  6:55  Warp Gate  
  73  6:59  Probe x2 (Chrono Boost)  
  75  7:09  Probe (Chrono Boost)  
  75  7:10  Probe (Chrono Boost), Stalker x2  
  81  7:22  Colossus  
  81  7:26  Probe (Chrono Boost)  
  81  7:27  Probe (Chrono Boost)  
  83  7:36  Probe (Chrono Boost)  
  82  7:39  Probe (Chrono Boost)  
  81  7:52  Stalker x2  
  85  8:00  Gateway x2  
  85  8:02  Gateway  
  85  8:05  Gateway  
  85  8:09  Colossus  
  90  8:26  Stargate  
  58  9:12  Phoenix  
  59  9:18  Pylon  
  59  9:19  Pylon  
  59  9:21  Stalker x2  
  59  9:22  Stalker x2  
  62  9:34  Colossus, Stalker x2  
  71  9:47  Probe (Chrono Boost)  
  71  9:48  Probe x2 (Chrono Boost)  
  74  9:52  Phoenix  
  74  9:57  Probe (Chrono Boost)  
  74  9:58  Probe (Chrono Boost)  
  79  10:01  Probe (Chrono Boost)  
  79  10:07  Stalker  
  79  10:08  Probe (Chrono Boost), Stalker x2  
  79  10:09  Probe (Chrono Boost), Stalker x2  
  79  10:10  Stalker  
  79  10:13  Probe (Chrono Boost)  
  94  10:18  Forge  
  94  10:19  Probe (Chrono Boost)  
  95  10:25  Probe (Chrono Boost)  
  90  10:44  Stalker x2  
  23  11:41  Zealot x2  
Show
View Real Time Build Order
Export as new Build Order

Nickos Terran - Winner!

Build Orders:  

Get SALT Encoding   

  12  0:01  SCV  
  13  0:13  SCV  
  14  0:18  Supply Depot  
  14  0:25  SCV  
  15  0:40  SCV  
  15  0:41  Barracks  
  16  0:52  SCV  
  17  1:04  SCV  
  18  1:16  SCV  
  19  1:21  Command Center  
  19  1:28  Marine  
  20  1:37  Orbital Command  
  20  1:42  Supply Depot  
  20  1:47  Marine  
  21  1:55  Barracks  
  21  2:04  Marine  
  22  2:11  SCV  
  23  2:21  Barracks  
  23  2:27  SCV  
  23  2:28  Marine  
  25  2:34  Refinery, Bunker  
  25  2:37  Refinery  
  25  2:39  SCV  
  25  2:42  Orbital Command  
  25  2:51  SCV  
  25  2:52  Marine x2  
  28  3:03  SCV  
  29  3:09  Barracks Tech Lab  
  29  3:16  Barracks Reactor  
  29  3:21  SCV x2  
  31  3:30  Barracks Reactor  
  31  3:33  SCV  
  33  3:34  SCV  
  33  3:40  Supply Depot  
  33  3:44  Stimpack  
  33  3:45  SCV  
  34  3:49  Marauder  
  34  3:52  SCV  
  37  3:57  SCV  
  37  3:59  Marine  
  37  4:00  Marine  
  40  4:02  Supply Depot  
  40  4:04  SCV  
  40  4:09  SCV  
  42  4:10  Marine  
  42  4:13  Marine x2  
  42  4:16  SCV  
  46  4:17  Marine x2  
  46  4:19  Factory  
  46  4:23  SCV  
  49  4:24  Barracks  
  49  4:25  Barracks  
  49  4:36  SCV  
  49  4:37  Marine, SCV  
  49  4:38  Marine x3  
  54  4:39  Marauder  
  57  4:48  Supply Depot  
  57  4:51  Engineering Bay x2  
  57  4:57  Refinery, Marine x3  
  57  4:58  Marine  
  61  5:01  SCV  
  62  5:09  SCV  
  62  5:10  Factory Reactor  
  62  5:13  SCV  
  64  5:15  Starport, Barracks Reactor  
  64  5:17  Barracks Tech Lab  
  64  5:21  SCV  
  64  5:25  Supply Depot  
  64  5:26  Marine, SCV  
  64  5:27  Marine x2  
  69  5:28  Marine  
  70  5:36  SCV  
  70  5:37  Supply Depot  
  70  5:38  SCV  
  70  5:40  Marauder  
  74  5:43  Marine  
  74  5:48  SCV  
  74  5:49  Terran Infantry Weapons Level 1  
  76  5:51  Terran Infantry Armor Level 1  
  76  6:01  Marine x2  
  76  6:02  Marine x3  
  81  6:08  SCV x2  
  81  6:10  Marauder  
  85  6:12  Medivac  
  85  6:13  Medivac, Supply Depot  
  89  6:19  Supply Depot  
  89  6:27  SCV x2  
  89  6:30  Supply Depot  
  91  6:37  Marauder x2  
  91  6:39  Marine  
  95  6:40  Marine  
  95  6:43  Liberator  
  96  6:55  SCV x2  
  96  6:58  Marauder x2  
  96  6:59  Command Center  
  105  7:07  SCV  
  106  7:12  Marine x3  
  106  7:13  Marine x3  
  106  7:14  Medivac  
  114  7:18  SCV  
  114  7:19  Marauder, SCV  
  96  7:37  Marine x3  
  96  7:38  Marine x4  
  96  7:40  Marine  
  88  7:55  Medivac x2, Marine x4  
  88  7:56  Marine x3  
  88  7:58  Marine  
  99  8:05  Refinery  
  100  8:13  Marine x3  
  103  8:25  Medivac  
  105  8:33  Marine x2  
  105  8:34  Marine  
  108  8:35  Marauder x2  
  108  8:37  Marine x2  
  108  8:38  Marine  
  115  8:42  Armory  
  115  8:45  Liberator  
  113  8:51  Marine x3  
  99  8:57  Marauder x2  
  99  8:59  Marine x2  
  99  9:00  Marine  
  98  9:07  Orbital Command  
  98  9:09  Marine  
  102  9:18  Marine, Marauder x2  
  102  9:19  Marine x4  
  102  9:23  SCV x2  
  113  9:30  Barracks  
  113  9:31  Barracks  
  111  9:32  Barracks  
  111  9:35  Medivac, SCV  
  114  9:39  Marauder  
  114  9:40  Marauder  
  118  9:45  Medivac  
  120  9:53  Marine x2  
  120  9:54  Marine x2  
  120  9:59  SCV x3  
  124  10:01  Marauder, Marine x3  
  129  10:11  Marine, SCV x3  
  133  10:22  Viking  
  133  10:23  Marine x2  
  133  10:36  Marine x2  
  133  10:42  Marine  
  133  10:48  Marine  
  133  10:54  Marine  
  133  10:57  Marine x2  
  133  10:58  Marine x2  
  133  10:59  Marine  
  133  11:00  Marine  
  133  11:02  Viking  
  133  11:03  Viking  
  130  11:06  Marine  
  115  11:12  Marine  
  104  11:25  Marine x2  
  89  11:26  Marine x2  
  89  11:31  Marine x2  
  89  11:32  Marine x2  
  82  11:43  SCV  
  82  11:44  SCV x2  
Tags
 
Add a new tag
Caveats
  • Supply blocks, unpowered buildings, or Contaminate may cause inaccurate times.
  • Supply counts are checked every 10 seconds.